 Dungeon Crawl Stone Soup version 0.20.1-1-g8b1a95d (webtiles) character file.

19709 manon the Carver (level 12, -6/94 HPs)
             Began as a Demonspawn Fighter on Sept 7, 2017.
             Was a Believer of Ashenzari.
             Killed from afar by an electric eel (7 damage)
             ... with a bolt of electricity
             ... on level 3 of the Lair of Beasts.
             The game lasted 01:15:54 (11759 turns).

manon the Carver (Demonspawn Fighter)              Turns: 11759, Time: 01:15:55

Health: -6/94      AC: 13    Str: 17    XL:     12   Next: 38%
Magic:  15/15      EV: 16    Int:  9    God:    Ashenzari [**....]
Gold:   827        SH:  7    Dex: 20    Spells: 11/11 levels left

rFire    + . .     SeeInvis .   a - +3 scimitar "Neneffus" {slice, rPois rN++} (curse)
rCold    . . .     Gourm    .   j - +0 buckler (curse)
rNeg     + + .     Faith    .   b - +0 scale mail (curse)
rPois    +         Spirit   .   t - +0 helmet (curse)
rElec    .         Reflect  .   (no cloak)
rCorr    .         Harm     .   T - +2 pair of gloves
MR       .....                  (no boots)
Stlth    +.........             (no amulet)
Regen    0.3/turn               G - ring of protection from fire
MPRegen  0.2/turn               S - ring of stealth

@: very slow
A: talons 2, rugged brown scales 3, agile 1, demonic guardian 1, nightstalker 1
a: Curse Item, Scrying, Renounce Religion


You were on level 3 of the Lair of Beasts.
You worshipped Ashenzari.
Ashenzari was pleased with you.
You were not hungry.

You visited 3 branches of the dungeon, and saw 13 of its levels.
You also visited: Ice Cave.

You collected 827 gold pieces.

Inventory:

Hand Weapons
 a - the cursed +3 scimitar "Neneffus" (weapon) {slice, rPois rN++}
   (You found it in an ice cave)

   It inflicts extra damage upon your enemies.
   It protects you from poison.
   It greatly protects you from negative energy.
   It has a curse placed upon it.
 A - a +0 long sword
Missiles
 l - 112 sling bullets
 s - 77 bolts
 C - a throwing net (quivered)
Armour
 b - a cursed +0 scale mail (worn)
 c - a +0 shield
 j - a cursed +0 buckler (worn)
 t - a cursed +0 helmet (worn)
 T - a +2 pair of gloves (worn)
Jewellery
 k - an uncursed ring of protection from magic
 r - a +1 ring of protection
 y - a +2 ring of intelligence
 E - an uncursed ring of magical power
 G - a ring of protection from fire (left hand)
 M - an uncursed ring of poison resistance
 S - a ring of stealth (right hand)
Wands
 d - a wand of random effects (12/48)
 z - a wand of flame (0/48)
 F - a wand of scattershot (3/9)
 K - a wand of acid (7/15)
 O - a wand of lightning (5/15)
 X - a wand of polymorph (6/24)
Scrolls
 e - 2 scrolls of enchant armour
 m - 4 scrolls of teleportation
 o - a scroll of identify
 u - a scroll of noise {unknown}
 v - 4 scrolls of immolation
 w - a scroll of fog
 D - 2 scrolls of amnesia {unknown}
 H - 3 scrolls of enchant weapon
 N - 2 scrolls of random uselessness {unknown}
 Q - a scroll of blinking {unknown}
 R - 2 scrolls of remove curse
Potions
 i - a potion of experience {unknown}
 n - 2 potions of resistance
 x - a potion of degeneration
 B - a potion of cancellation {unknown}
 L - a potion of mutation
 P - 2 potions of haste {unknown}
 U - 2 potions of agility {unknown}
 V - a potion of flight {unknown}
Books
 W - a book of Air

   Spells                             Type                      Level
   a - Shock                          Conjuration/Air              1
   b - Swiftness                      Charms/Air                   2
   c - Static Discharge               Conjuration/Air              3
   d - Airstrike                      Air                          4
   e - Lightning Bolt                 Conjuration/Air              5
Miscellaneous
 p - a fan of gales
 Y - a phial of floods (inert)
Comestibles
 f - 11 bread rations
 g - 21 royal jellies
 h - 5 meat rations


   Skills:
 + Level 6.2 Fighting
 + Level 13.8(15.7) Long Blades
 - Level 2.6 Armour
 * Level 9.2 Dodging
 + Level 6.4(7.9) Shields
 - Level 4.6 Evocations


You had 11 spell levels left.
You didn't know any spells.

Dungeon Overview and Level Annotations

Branches:
Dungeon (9/15)             Temple (1/1) D:6            Lair (3/6) D:8
  Swamp (0/4) Lair:3
  Snake: Lair:2-4    Spider: Lair:2-4       Orc: D:9-12

Altars:
Ashenzari
Cheibriados
Dithmenos
Elyvilon
Fedhas
Gozag
Hepliaklqana
Kikubaaqudgha
Makhleb
Nemelex Xobeh
Okawaru
Qazlal
Ru
Sif Muna
Trog
Uskayaw
Vehumet
Xom
Yredelemnul
Zin
The Shining One


Innate Abilities, Weirdness & Mutations

You have razor-sharp toenails.
You are completely covered in rugged brown scales. (AC +3, +7% HP)
A weak demonic guardian rushes to your aid.
You are slightly more attuned to the shadows.
You are agile. (Dex +2)


Message History

You closely miss the electric eel. Your kick misses the electric eel.
The electric eel is lightly wounded.
You hit the electric eel. Your kick misses the electric eel.
The electric eel is heavily wounded.
Your unstable footing causes you to fumble your attack.
The electric eel shoots out a bolt of lightning at you!
The bolt of electricity hits you!
* * * LOW HITPOINT WARNING * * *
Evoke which item? (* to show all) (? for menu, Esc to quit)
Aim the phial where?
Press: ? - help, Shift-Dir - straight line, f - electric eel
Aim: an electric eel (water, heavily wounded)
The torrent of water misses the electric eel.
The wave splashes down.
The water rises up and takes form.
You hear a bellow! x3; You hear an angry hiss.
You hear an angry buzzing noise.
You hear a screech!
Your unstable footing causes you to fumble your attack.
The electric eel shoots out a bolt of lightning at you!
The bolt of electricity hits you!
You die...

...................##......PP.PP.
.............:...........Y...P.##
....##....#.......>#.....P######
######...#.........#.#...##
*....##.≈≈≈≈≈...#...##
*...###.≈≈≈≈≈...##..#*
#.≈≈≈≈≈≈.#.Y...* ..≈≈≈≈≈≈........
,..≈≈≈;@≈...... , ,
..≈≈E≈≈≈...... ..≈≈≈≈≈..###.. **
#........# , #".......# *
##.....### ** #######


You could see a yak, an electric eel and a friendly water elemental.

Vanquished Creatures
  A hydra (Lair:2)
  A two-headed ogre (D:9)
  3 black mambas
  5 spiny frogs
  4 rime drakes
  A komodo dragon (Lair:2)
  2 queen bees
  5 blink frogs
  4 hippogriffs
  14 yaks
  Sigmund (D:3)
  2 wyverns (Lair:3)
  2 fire bats (Lair:3)
  4 basilisks
  A vampire mosquito (Lair:3)
  16 water moccasins
  10 porcupines
  6 ice beasts (IceCv)
  3 ogres
  2 phantoms
  3 wolves (Lair:2)
  A centaur (D:5)
  12 crocodiles
  3 bullfrogs
  2 big kobolds
  A wyvern skeleton (D:6)
  41 killer bees
  An electric eel (Lair:1)
  A bullfrog zombie (D:8)
  3 crimson imps
  A jelly (D:5)
  A hound (D:4)
  5 orc priests
  4 orc wizards
  3 bullfrog skeletons
  3 iguanas
  Jessica (D:3)
  Natasha (thrice) (D:2 D:3)
  3 worker ants
  2 hound zombies
  2 hound skeletons
  2 worker ant zombies (D:6)
  12 gnolls
  25 adders
  A shadow imp (D:6)
  An ooze (D:1)
  2 adder skeletons
  A worm (D:4)
  5 dart slugs
  6 leopard geckos
  15 orcs
  2 ball pythons (D:4)
  4 giant cockroaches
  5 goblins
  10 hobgoblins
  2 jackals (D:7)
  17 kobolds
  2 quokkas
  8 bats
  5 frilled lizards
  A jackal skeleton (D:4)
  10 rats
  2 fungi (Lair:2)
  2 plants (Lair:2)
323 creatures vanquished.

Vanquished Creatures (collateral kills)
  The ghost of vatarom the Summoner, a novice DrSu of Ashenzari (D:8)
  A blink frog (Lair:2)
  A spriggan (D:7)
  2 yaks
  A water moccasin (Lair:1)
  A porcupine (Lair:2)
  An ogre (D:8)
  2 wolves (Lair:2)
  A crocodile (D:8)
  A big kobold (D:8)
  2 killer bees
  An orc priest (D:6)
  An orc (D:6)
16 creatures vanquished.

Vanquished Creatures (others)
  7 fungi
  8 plants
15 creatures vanquished.

Grand Total: 354 creatures vanquished

Notes
Turn   | Place    | Note
-------+----------+-------------------------------------------
     0 | D:1      | manon the Demonspawn Fighter began the quest for the Orb.
     0 | D:1      | Reached XP level 1. HP: 18/18 MP: 1/1
    79 | D:1      | Reached skill level 2 in Long Blades
    79 | D:1      | Gained mutation: You are partially covered in rugged brown scales. (AC +1, +3% HP) [demonic ancestry]
    79 | D:1      | Reached XP level 2. HP: 11/24 MP: 2/2
   228 | D:1      | Reached skill level 1 in Dodging
   748 | D:2      | Gained mutation: You are mostly covered in rugged brown scales. (AC +2, +5% HP) [demonic ancestry]
   748 | D:2      | Reached XP level 3. HP: 24/30 MP: 3/3
  1012 | D:2      | Reached skill level 3 in Long Blades
  1204 | D:2      | Reached XP level 4. HP: 34/36 MP: 4/4
  1397 | D:2      | Noticed Natasha
  1407 | D:2      | Gained mutation: You are agile. (Dex +2) [potion of mutation]
  1407 | D:2      | Gained mutation: You have sharp toenails. [potion of mutation]
  1411 | D:2      | Killed Natasha
  1769 | D:2      | Reached XP level 5. HP: 41/43 MP: 5/5
  1815 | D:2      | Reached skill level 4 in Long Blades
  1936 | D:3      | Noticed Sigmund
  1951 | D:3      | Killed Sigmund
  1951 | D:3      | Reached XP level 6. HP: 45/49 MP: 6/6
  2178 | D:3      | Noticed Jessica
  2181 | D:3      | Noticed Natasha
  2190 | D:3      | Killed Jessica
  2190 | D:3      | Reached skill level 5 in Long Blades
  2196 | D:3      | Killed Natasha
  2338 | D:3      | Found a burning altar of Makhleb.
  2338 | D:3      | Noticed a blizzard demon
  2356 | D:3      | Noticed Natasha
  2360 | D:3      | Killed Natasha
  2405 | D:3      | You fall through a shaft for 3 floors!
  2675 | D:6      | Reached XP level 7. HP: 44/54 MP: 7/7
  2857 | D:5      | Entered Level 5 of the Dungeon
  2954 | D:4      | Reached skill level 6 in Long Blades
  2976 | D:3      | Found a radiant altar of Vehumet.
  2998 | D:4      | Found a burning altar of Makhleb.
  3311 | D:4      | Found a white marble altar of Elyvilon.
  3528 | D:5      | Gained mutation: A weak demonic guardian rushes to your aid. [demonic ancestry]
  3528 | D:5      | Reached XP level 8. HP: 49/60 MP: 8/8
  3833 | D:5      | Found a sacrificial altar of Ru.
  3834 | D:5      | Found a bloodstained altar of Trog.
  3873 | D:5      | Found an ancient bone altar of Kikubaaqudgha.
  4514 | D:6      | Reached skill level 7 in Long Blades
  4539 | D:6      | Reached skill level 5 in Shields
  4892 | D:6      | Found a staircase to the Ecumenical Temple.
  4898 | Temple   | Entered the Ecumenical Temple
  4985 | Temple   | Became a worshipper of Ashenzari the Shackled
  5186 | D:6      | Reached skill level 1 in Evocations
  5497 | D:7      | Found a glowing golden altar of the Shining One.
  5685 | D:7      | Reached skill level 8 in Long Blades
  5685 | D:7      | Reached skill level 5 in Dodging
  5959 | D:7      | Mutation became permanent: You have sharp toenails. [demonic ancestry]
  5959 | D:7      | Gained mutation: You have sharp toenails. [demonic ancestry]
  5959 | D:7      | Reached XP level 9. HP: 62/66 MP: 10/10
  6280 | D:8      | Reached * piety under Ashenzari
  6444 | D:8      | Noticed vatarom's ghost (novice DrSu)
  6452 | D:8      | Killed vatarom's ghost
  6452 | D:8      | Reached skill level 9 in Long Blades
  6986 | D:8      | Found a staircase to the Lair.
  7000 | D:8      | Gained mutation: You are slightly more attuned to the shadows. [demonic ancestry]
  7000 | D:8      | Reached XP level 10. HP: 73/73 MP: 13/13
  7216 | D:8      | Found a deep blue altar of Sif Muna.
  7310 | D:9      | Noticed a two-headed ogre
  7313 | D:9      | Killed a two-headed ogre
  7313 | D:9      | Reached skill level 10 in Long Blades
  7400 | Lair:1   | Entered Level 1 of the Lair of Beasts
  7417 | Lair:1   | Reached skill level 11 in Long Blades
  7520 | Lair:1   | Noticed a spiny frog
  7534 | Lair:1   | Killed a spiny frog
  7562 | Lair:1   | Found a frozen archway.
  7612 | IceCv    | Entered an ice cave
  7616 | IceCv    | Identified the cursed +3 scimitar "Neneffus" {slice, rPois rN++}
  7631 | IceCv    | Reached skill level 12 in Long Blades
  8376 | Lair:1   | Gained mutation: You have razor-sharp toenails. [demonic ancestry]
  8376 | Lair:1   | Reached XP level 11. HP: 78/78 MP: 14/14
  8380 | Lair:1   | Identified the +8 falchion "Qiniphah" {slice, rC++ rN+}
  8490 | Lair:1   | Reached ** piety under Ashenzari
  8884 | Lair:2   | Reached skill level 13 in Long Blades
  9079 | Lair:2   | Noticed a five-headed hydra
  9090 | Lair:2   | Killed a five-headed hydra
 10053 | Lair:2   | Identified the cursed +1 falchion "Erphiy" {slice, rElec rC- rN+++ Int+4}
 10407 | Lair:2   | Reached skill level 5 in Fighting
 10870 | Lair:3   | Found a staircase to the Swamp.
 10909 | Lair:2   | Gained mutation: You are completely covered in rugged brown scales. (AC +3, +7% HP) [demonic ancestry]
 10909 | Lair:2   | Reached XP level 12. HP: 36/92 MP: 15/15
 11757 | Lair:3   | HP: 1/94 [electric eel/bolt of electricity (6)]
 11759 | Lair:3   | Killed from afar by an electric eel

Skill      XL: |  1  2  3  4  5  6  7  8  9 10 11 12 |
---------------+-------------------------------------+-----
Long Blades    | 2 3 4 5 6 8 9 12 13 | 13.8
Dodging        | 1 2 3 4 5 6 8 9 |  9.2
Shields        | 3 4 5 6 |  6.4
Evocations     | 2 4 |  4.6
Fighting       | 5 6 |  6.2
Armour         | |  2.6

Action                   |  1- 3 |  4- 6 |  7- 9 | 10-12 || total
-------------------------+-------+-------+-------+-------++-------
Melee: Long sword        |   135 |   139 |   427 |    99 ||   800
       Kick              |       |    32 |   164 |   214 ||   410
       Scimitar          |       |       |       |   466 ||   466
Invok: Curse Item        |       |       |     4 |       ||     4
Evoke: Wand              |       |       |    15 |    22 ||    37
       Phial of floods   |       |       |       |     1 ||     1
  Use: Potion            |     1 |     6 |       |    10 ||    17
       Scroll            |       |       |     7 |    13 ||    20
 Stab: Distracted        |       |       |       |    11 ||    11
       Sleeping          |       |       |       |     3 ||     3
  Eat: Chunk             |     1 |     5 |    12 |    12 ||    30
       Fruit             |       |       |     3 |       ||     3
       Royal jelly       |       |       |       |     2 ||     2
Armor: Scale mail        |    71 |    50 |   114 |   153 ||   388
       Skin              |    12 |       |       |       ||    12
Dodge: Dodged            |    65 |    73 |   218 |   281 ||   637
Block: Shield            |     4 |       |       |       ||     4
       Buckler           |    26 |    30 |   116 |   136 ||   308
       Rpst.: Long sword |    25 |    24 |    74 |    18 ||   141
       Scimitar          |       |       |       |    70 ||    70
